Megumin, chaotic female elven Wizard ---------- -- --- --- #.........| |. . .| #|........| ... ----- .---- -.| #.......<.| |.. |+++ -------.|..| +.| ###|........| |.. |++@ |.....|.|.. |.|# # #---------- .... .@ -+-|.._(.|.-|-- ----..####### |...--|--..|.....|....--+--....|# |..........|.....|.............| |........{.----%--.{...........| |..............*...............| |.. -a---.....%.....--+---|-...| | |@@%|.------.---| ..|...| |((.|..|!%.-.|..| !%!|...| |(((|..|%%.|.-..| |!!)|...| | ------|-----.---- -----...| |..............................| -------------------------------- Megumin the Thaumaturge Experience level: 8 Strength: 8 Dexterity: 14 Constitution: 13 Intelligence: 20 Wisdom: 11 Charisma: 14 Health: 0(53) Energy: 28(89) AC: 9 Gold: 286 Moves: 2692 Your Inventory: Coins $ - 286 gold pieces Amulets x - a [cursed] oval amulet [of strangulation] Weapons a - a blessed +1 quarterstaff (weapon in hands) p - an [uncursed +0] crude dagger [orcish] t - a [blessed +2] dagger u - 3 [uncursed +0] daggers (in quiver) B - 4 cursed [+0] daggers C - 4 cursed [-1] daggers Armor b - an uncursed +0 cloak of magic resistance (being worn) Comestibles q - an [uncursed] food ration s - 2 [uncursed] lichen corpses Scrolls i - 2 uncursed scrolls of enchant weapon j - a blessed scroll of enchant armor w - an [uncursed] scroll labeled PRIRUTSENIE [of magic mapping] D - an [uncursed] scroll labeled AQUE BRAGH [of scare monster] Spellbooks k - a blessed spellbook of force bolt l - an uncursed spellbook of detect monsters z - an [uncursed] spellbook of sleep Potions f - an uncursed potion of booze g - an uncursed potion of oil h - an uncursed potion of blindness o - an [uncursed] potion called conf [of confusion] r - an [uncursed] bubbly potion [of see invisible] Rings d - an uncursed ring of teleportation e - an uncursed ring of shock resistance E - an [uncursed] wedding ring [of see invisible] Wands c - an uncursed wand of create monster (0:11) Tools m - an uncursed magic marker (0:69) n - an uncursed leather drum v - an [uncursed] key [skeleton key] G - an [uncursed oil] lamp Spells known in the end: Name Level Category Fail Memory a - force bolt 1 attack 0% [|||||||.] b - detect monsters 1 divination 0% [|||||||.] c - sleep 1 enchantment 0% [||||||||] Your skills at the end: Fighting Skills Weapon Skills dagger [Basic / Expert] quarterstaff [Basic / Expert] Spellcasting Skills attack spells [Skilled / Expert] enchantment spells [Basic / Skilled] Final Attributes: You were piously aligned. Hunger level was 863. Your alignment was 23 / 23. Monster difficulty range was 0 - 6. Level difficulty was 5. You were immune to sleep. You were magic-protected. You saw invisible. You had infravision. You were unlucky (-1). You are dead. Vanquished creatures: a dingo a dwarf lord a human zombie a fire ant a water nymph 2 Mordor orcs a rock piercer a pony a violet fungus 2 gnome lords 5 gnomish wizards a kobold mummy 2 elf zombies a little dog 2 kittens 8 dwarves a kobold lord 3 kobold shamans a monkey 2 dwarf zombies 2 iguanas 2 killer bees 2 coyotes a hobbit 23 gnomes 5 garter snakes a gecko 2 jackals 2 foxes a kobold a goblin 2 sewer rats 4 lichens a kobold zombie 3 newts 90 creatures vanquished. Voluntary challenges: You used a wielded weapon 15 times. You read items or engraved 3 times. You put on armor 1 time. You never genocided any monsters. You never polymorphed an object. You never changed form. You used no wishes. You wrote Elbereth's name 2 times. You never encountered a bones level. You never used any Sokoban shortcuts. Dungeon overview: The Dungeons of Doom: levels 1 to 3 Level 1 a sink a long staircase Level 2 a fountain stairs to The Gnomish Mines The Gnomish Mines: levels 3 to 5 Level 3 stairs to The Dungeons of Doom Level 5 <- You were here many shops, a temple, a magic chest, some fountains History has recorded: On T:1 you entered the Dungeons of Doom to retrieve the Amulet of Yendor! On T:226 you advanced to experience level 2. On T:320 you reached level 2 of The Dungeons of Doom. On T:353 you reached level 3 of The Dungeons of Doom. On T:357 you advanced to experience level 3. On T:408 you reached level 1 of The Gnomish Mines. On T:768 you advanced to experience level 4. On T:818 you advanced to experience level 5. On T:965 you advanced to experience level 6. On T:1045 you reached level 2 of The Gnomish Mines. On T:1195 you advanced to experience level 7. On T:1888 you reached level 3 of The Gnomish Mines. On T:2476 you advanced to experience level 8. Latest messages: You see here a lock pick (20 zorkmids). You see here a leash (20 zorkmids). [2 turns] You see here a lock pick (20 zorkmids). You miss the soldier ant. The soldier ant bites! The soldier ant stings! The soldier ant bites! The soldier ant stings! The soldier ant bites! The soldier ant stings! [HP-36=17] [2 turns] You hit the soldier ant. The soldier ant bites! The soldier ant stings! [HP-12=5] You miss the soldier ant. The soldier ant bites! You die... Telloc Cyaj gratefully inherits all your possessions. Inishbofin looks at your corpse, shakes her head, and sighs. Final status: Goodbye Megumin the Wizard... You died in The Gnomish Mines on dungeon level 5 with 4178 points, and 286 pieces of gold, after 2692 moves. You were level 8 with a maximum of 53 hit points when you died.